 Dungeon Crawl Stone Soup version 0.27-a0-320-g81d27af2d4 (webtiles) character file.

Game seed: 2831764662687112546

5476 DavidChitty2 the Destroyer (level 10, -1/84 HPs)
             Began as a Red Draconian Fire Elementalist on Feb 10, 2021.
             Was an Initiate of Vehumet.
             Killed from afar by Harold (9 damage)
             ... with a harpoon shot
             ... on level 8 of the Dungeon.
             The game lasted 00:31:29 (9644 turns).

DavidChitty2 the Destroyer (DrFE)                   Turns: 9644, Time: 00:31:30

Health: -1/84      AC:  8    Str: 12    XL:     10   Next: 42%
Magic:  6/19       EV: 12    Int: 18    God:    Vehumet [......]
Gold:   377        SH:  0    Dex: 11    Spells: 12/21 levels left

rFire    + . .     SeeInvis .   a - +1 short sword (venom)
rCold    . . .     Faith    .   (no shield)
rNeg     . . .     Spirit   .   (armour unavailable)
rPois    .         Reflect  .   (helmet restricted)
rElec    .         Harm     .   w - +0 cloak
rCorr    .         Rampage  .   (no gloves)
Will     .....                  (no boots)
Stlth    ++........             e - amulet of regeneration
HPRegen  0.64/turn              (no ring)
MPRegen  0.16/turn              (no ring)

@: marked
A: breathe fire, unfitting armour, fire resistance 1, cold-blooded, AC +7
a: Breathe Fire, Renounce Religion


You were on level 8 of the Dungeon.
You worshipped Vehumet.
Vehumet was noncommittal.
You visited 2 branches of the dungeon, and saw 9 of its levels.

You collected 377 gold pieces.

Inventory:

Hand Weapons
 a - a +1 short sword of venom (weapon)
   (You took it off a kobold on level 1 of the Dungeon)
 b - a +0 vorpal hunting sling
   (You took it off a goblin on level 2 of the Dungeon)
 n - a +1 whip of draining
   (You took it off a kobold on level 2 of the Dungeon)
 C - a +4 scimitar of flaming
   (You took it off Erica on level 8 of the Dungeon)
Missiles
 c - 323 stones
 k - a throwing net {!f}
 q - 10 poisoned darts
Armour
 w - a +0 cloak (worn)
   (You found it on level 6 of the Dungeon)
Jewellery
 e - an amulet of regeneration (around neck)
   (You found it on level 3 of the Dungeon)
 h - a +4 ring of slaying {unknown}
   (You found it on level 1 of the Dungeon)
 i - a ring of wizardry {unknown}
   (You found it on level 4 of the Dungeon)
 s - a ring of positive energy {unknown}
   (You found it on level 1 of the Dungeon)
 A - a +4 ring of slaying {unknown}
   (You found it on level 7 of the Dungeon)
 D - a ring of protection from fire {unknown}
   (You found it on level 8 of the Dungeon)
 E - a ring of poison resistance {unknown}
   (You found it on level 8 of the Dungeon)
Wands
 d - a wand of iceblast (8)
   (You found it on level 7 of the Dungeon)
 u - a wand of paralysis (11)
   (You took it off an orc on level 7 of the Dungeon)
 v - a wand of digging (3)
   (You took it off an orc wizard on level 7 of the Dungeon)
 x - a wand of acid (10)
   (You found it on level 5 of the Dungeon)
 B - a wand of charming (6)
   (You took it off Erica on level 8 of the Dungeon)
Scrolls
 g - 4 scrolls of teleportation {@r4}
 m - a scroll of magic mapping
 o - a scroll of amnesia
 r - 2 scrolls of immolation {!r}
 y - 4 scrolls of identify {@r1}
 F - a scroll of enchant weapon
Potions
 f - 6 potions of heal wounds {@q2}
 j - 2 potions of flight
 l - 2 potions of might
 p - 3 potions of brilliance
 t - a potion of invisibility
 z - a potion of lignification {!q}


   Skills:
 + Level 6.7 Fighting
 - Level 1.7 Dodging
 - Level 1.7 Stealth
 + Level 6.2 Spellcasting
 - Level 13.0 Conjurations
 + Level 8.5 Fire Magic


You had 12 spell levels left.
You knew the following spells:

 Your Spells              Type           Power        Failure   Level
a - Foxfire               Conj/Fire      100%         1%          1
d - Conjure Flame         Conj/Fire      44%          1%          3
x - Fireball              Conj/Fire      22%          4%          5

Your spell library contained the following spells:

 Spells                   Type           Power        Failure   Level
 Sticky Flame             Conj/Fire      44%          1%          4
 Dazzling Flash           Conj/Hex       58%          2%          3
 Stone Arrow              Conj/Erth      58%          2%          3
 Inner Flame              Hex/Fire       20%          6%          3
 Beastly Appendage        Tmut           10%          12%         1
 Corona                   Hex            5%           12%         1
 Sandblast                Erth           10%          12%         1
 Ensorcelled Hibernation  Hex/Ice        10%          19%         2
 Passwall                 Tmut/Erth      4%           19%         2
 Wereblood                Tmut           5%           19%         2
 Confusing Touch          Hex            5%           34%         3
 Spider Form              Tmut/Pois      2%           34%         3
 Tukima's Dance           Hex            5%           34%         3
 Ice Form                 Ice/Tmut       5%           75%         4
 Petrify                  Tmut/Erth      5%           75%         4
 Blade Hands              Tmut           2%           97%         5
 Lee's Rapid Deconstruct  Erth           2%           97%         5


Dungeon Overview and Level Annotations

Branches:
Dungeon (8/15)             Temple (1/1) D:7            Lair (0/6) D:8

Altars:
Ashenzari
Cheibriados
Dithmenos
Elyvilon
Fedhas
Gozag
Hepliaklqana
Kikubaaqudgha
Makhleb
Nemelex Xobeh
Okawaru
Qazlal
Ru
Sif Muna
Trog
Uskayaw
Vehumet
Wu Jian
Xom
Yredelemnul
Zin
The Shining One

Annotations:
D:5 3 runed translucent doors, namelastname112's ghost, weakling DrDe
D:8 1 runed translucent door, Harold


Innate Abilities, Weirdness & Mutations

You can breathe blasts of fire.
Your fiery red scales are hard. (AC +7)
You cannot fit into any form of body armour.
Your flesh is heat resistant. (rF+)
You are cold-blooded and may be slowed by cold attacks.


Message History

You smother the flame.
The basilisk closely misses you.
Harold points at you and mumbles some strange words.
The mark upon you grows brighter. The basilisk gazes at you.
You resist with some effort. Harold fires a harpoon shot at you.
The harpoon shot hits you but does no damage.
There is a basalt altar of Yredelemnul here.
The basilisk gazes at you.
You are slowing down.
Your limbs are stiffening.
Harold hits the withered plant with a +2 dire flail of protection!
The withered plant begins to crumble.
You have turned to stone.
The basilisk bites you.
* * * LOW HITPOINT WARNING * * *
The basilisk bites you!
* * * LOW HITPOINT WARNING * * *
Harold says, "Ah, this is what I got into this business for!"
Harold gestures at you while chanting. The mark upon you grows brighter.
Harold hits you with a +2 dire flail of protection!
* * * LOW HITPOINT WARNING * * *
The basilisk bites you.
* * * LOW HITPOINT WARNING * * *
You have got your breath back.
The basilisk bites you!
* * * LOW HITPOINT WARNING * * *
The withered plant crumbles away.
Harold gestures at you while chanting. The mark upon you grows brighter.
The basilisk bites you!
* * * LOW HITPOINT WARNING * * *
Harold gestures at you while chanting. The mark upon you grows brighter.
The basilisk bites you but does no damage.
Harold casts a spell at you. The mark upon you grows brighter.
The basilisk bites you!
* * * LOW HITPOINT WARNING * * *
Harold hits you with a +2 dire flail of protection.
* * * LOW HITPOINT WARNING * * *
The basilisk gazes at you.
Harold hits you with a +2 dire flail of protection.
* * * LOW HITPOINT WARNING * * *
The basilisk bites you!
* * * LOW HITPOINT WARNING * * *
Harold hits you but does no damage. The basilisk completely misses you.
You turn to flesh and can move again.
Harold fires a harpoon shot at you. The harpoon shot hits you!
You die...

......# #......._.........#######
......# #..##....P..#.###.#
.._...# #..#..........###.#
......# #..#.......####.#.#
...........#........'_'.#.#######
....####...#...<.######.#........
....# ###...l@# #....#########
#.......# #....# # #.##...@#
#....# #.#)......# #....#
#.####....# #....##
#####......#..# #.....##
#..........#..# #......#
#....).....#..###......###
#..........#..#..........#####
#..........#....##....##......
##......รท..##.....'....##..###.


You could see Harold and a basilisk.

Vanquished Creatures
  Erica (D:8)
  Pikel (D:6)
  Maurice (D:8)
  An elephant (D:8)
  Grinder (D:6)
  A yak (D:8)
  A basilisk (D:8)
  Duvessa (D:6)
  2 ice beasts (D:7)
  3 ogres
  A centaur (D:8)
  2 lemures (D:6)
  2 phantoms
  5 bullfrogs
  Dowan (D:6)
  3 scorpions
  A howler monkey (D:4)
  A crimson imp (D:2)
  3 hounds
  4 bullfrog zombies
  A gnoll shaman (D:3)
  A jelly (D:6)
  An orc priest (D:7)
  2 iron imps
  A bullfrog skeleton (D:6)
  A centaur skeleton (D:7)
  4 iguanas
  10 worker ants
  7 orc wizards
  A hound zombie (D:6)
  2 worker ant zombies
  8 gnolls
  9 adders
  2 howler monkey skeletons
  2 shadow imps
  A white imp (D:6)
  An ufetubus (D:8)
  3 oozes
  3 worms
  3 adder skeletons
  3 dart slugs
  6 leopard geckos
  21 orcs
  5 bats
  6 giant cockroaches
  9 goblins
  2 hobgoblins (D:1)
  6 jackals
  10 kobolds
  4 quokkas
  A ball python (D:2)
  3 frilled lizards
  A goblin zombie (D:6)
  A kobold skeleton (D:6)
  A kobold zombie (D:6)
  An orc skeleton (D:6)
  An orc zombie (D:6)
  A quokka skeleton (D:5)
  7 rats
188 creatures vanquished.

Vanquished Creatures (others)
  744 foxfires
  5 plants
  A withered plant (D:8)
750 creatures vanquished.

Grand Total: 938 creatures vanquished

Notes
Turn   | Place    | Note
-------+----------+-------------------------------------------
     0 | D:1      | DavidChitty2 the Draconian Fire Elementalist began the
                  | quest for the Orb.
     0 | D:1      | Reached XP level 1. HP: 14/14 MP: 3/3
    76 | D:1      | Reached XP level 2. HP: 22/22 MP: 3/5
   516 | D:1      | Reached skill level 1 in Fighting
   566 | D:1      | Reached skill level 2 in Conjurations
   567 | D:1      | Reached XP level 3. HP: 20/28 MP: 6/6
  1446 | D:2      | Found a burning altar of Makhleb.
  1468 | D:2      | Reached XP level 4. HP: 33/35 MP: 7/7
  1475 | D:2      | Learned a level 3 spell: Conjure Flame
  1803 | D:2      | Reached skill level 3 in Conjurations
  2700 | D:3      | Reached XP level 5. HP: 41/41 MP: 6/9
  2738 | D:3      | Learned a level 5 spell: Fireball
  2778 | D:3      | Found a hazy altar of Hepliaklqana.
  3199 | D:4      | Noticed a phantom
  3553 | D:4      | Reached XP level 6. HP: 49/50 MP: 6/10
  3570 | D:4      | Reached skill level 4 in Conjurations
  3870 | D:4      | Your scales start taking on a fiery red colour.
  3870 | D:4      | Reached skill level 5 in Fire Magic
  3870 | D:4      | Reached XP level 7. HP: 57/57 MP: 7/12
  3870 | D:4      | Gained mutation: Your flesh is heat resistant. (rF+) [Red
                  | Draconian growth]
  4350 | D:4      | Found a shimmering blue altar of Sif Muna.
  4481 | D:5      | Entered Level 5 of the Dungeon
  4484 | D:5      | Reached skill level 13 in Conjurations
  4484 | D:5      | Reached XP level 8. HP: 63/63 MP: 13/13
  4500 | D:5      | Found an opulent altar of Gozag.
  4625 | D:5      | Found a snail-covered altar of Cheibriados.
  4765 | D:5      | Found a runed translucent gate.
  4766 | D:5      | Found a runed translucent gate.
  4766 | D:5      | Noticed namelastname112's ghost (weakling DrDe)
  4767 | D:5      | Found a runed translucent gate.
  4773 | D:5      | Identified the +5 short sword of the Red Skies {chaos,
                  | rElec rC- Dex+2 SInv}
  5156 | D:5      | Found a bloodstained altar of Trog.
  5674 | D:6      | Noticed Duvessa
  5692 | D:6      | Killed Duvessa
  5731 | D:6      | Noticed Dowan
  5735 | D:6      | Killed Dowan
  6204 | D:6      | Noticed Pikel
  6212 | D:6      | Killed Pikel
  6213 | D:6      | Reached XP level 9. HP: 63/72 MP: 3/15
  6330 | D:6      | Found a glowing golden altar of the Shining One.
  6655 | D:6      | Noticed Grinder
  6656 | D:6      | Paralysed by Grinder for 4 turns
  6667 | D:6      | Killed Grinder
  6923 | D:6      | Reached skill level 5 in Fighting
  7123 | D:7      | Reached skill level 5 in Spellcasting
  7878 | D:7      | Found a staircase to the Ecumenical Temple.
  7919 | Temple   | Entered the Ecumenical Temple
  8046 | Temple   | Became a worshipper of Vehumet
  8312 | D:8      | Found a basalt altar of Yredelemnul.
  8455 | D:8      | Noticed Erica
  8472 | D:8      | Killed Erica
  8473 | D:8      | Reached XP level 10. HP: 38/83 MP: 2/18
  8798 | D:8      | Noticed a sixfirhy
  8799 | D:8      | Found a runed translucent door.
  8821 | D:8      | Found a white marble altar of Elyvilon.
  9375 | D:8      | Found a hazy altar of Hepliaklqana.
  9384 | D:8      | Noticed Maurice
  9396 | D:8      | Killed Maurice
  9518 | D:8      | Noticed Harold
  9522 | D:8      | Found a staircase to the Lair.
  9522 | D:8      | Noticed an elephant
  9591 | D:8      | Killed an elephant
  9638 | D:8      | HP: 4/84 [basilisk (4)]
  9644 | D:8      | Killed from afar by Harold

Illustrated notes

Levels and vault maps discovered:
D:1:      dpeg_arrival_arbitrary_a, layout_basic
D:2:      layout_rooms, makhleb_grotto_becter, roderic_lattice_a
D:3:      layout_loops_ring, nzn_hepliaklqana_mist_gate,
          hangedman_decor_riveting
D:4:      layout_cave_pools, nicolae_overflow_crystal_walls
D:5:      layout_loops_cross, kennysheep_little_box,
          lemuel_coloured_pillars_altar, slow_altar_1,
          gammafunk_ghost_nasty_kobolds, chequers_serial_rivers_large_b
D:6:      layout_basic, nicolae_tso_besieged_by_evil, uniq_grinder,
          uniq_duvessa, uniq_pikel
D:7:      layout_rooms, minmay_temple_entry_offerings
D:8:      cheibrodos_shockbox, layout_basic, kennysheep_mini,
          yredelemnul_altar_generic, david_lair_generic, basic_altar,
          uniq_maurice, uniq_harold, uniq_erica
Temple:   nicolae_temple_god_jail

Skill      XL: |  1  2  3  4  5  6  7  8  9 10 |
---------------+-------------------------------+-----
Fighting       | 1 2 3 4 6 |  6.7
Conjurations   | 2 3 4 13 | 13.0
Spellcasting   | 3 4 5 6 |  6.2
Fire Magic     | 4 5 6 8 |  8.5
Dodging        | |  1.7
Stealth        | |  1.7

Action                   |  1- 3 |  4- 6 |  7- 9 | 10-12 || total
-------------------------+-------+-------+-------+-------++-------
Melee: Short sword       |    60 |    57 |    93 |     1 ||   211
       Tailslap          |     5 |     8 |     9 |       ||    22
 Fire: Hunting sling     |       |     6 |    10 |       ||    16
 Cast: Foxfire           |    27 |    85 |   275 |    65 ||   452
       Conjure Flame     |       |     3 |     1 |     3 ||     7
       Fireball          |       |       |     9 |     9 ||    18
 Abil: Breathe Fire      |       |       |     2 |     4 ||     6
  Use: Scroll            |     3 |     4 |     9 |     2 ||    18
       Potion            |       |       |     3 |     1 ||     4
 Stab: Sleeping          |     2 |     1 |     1 |       ||     4
Armor: Skin              |    12 |    22 |    68 |     6 ||   108
Dodge: Dodged            |    38 |    51 |   116 |    11 ||   216

Table legend: (Time is in decaauts)
 A = Elapsed time spent in this place.
 B = Non-inter-level travel time spent in this place.
 C = Inter-level travel time spent in this place.
 D = Time resting spent in this place.
 E = Time spent auto-exploring this place.
 F = Levels seen in this place.
 G = Mean time per level.
                   A        B        C        D        E       F      G
               +--------+--------+--------+--------+--------+-----+--------+
         Total |   9710 |   9365 |    345 |   3384 |   4270 |   9 | 1078.9 |
       Dungeon |   9570 |   9237 |    333 |   3384 |   4150 |   8 | 1196.2 |
        Temple |    140 |    128 |     12 |      0 |    120 |   1 |  140.0 |
               +--------+--------+--------+--------+--------+-----+--------+

Top non-repeatable levels by time:
     D:6: 1735 daAuts
     D:1: 1262 daAuts
     D:3: 1261 daAuts
     D:5: 1207 daAuts
     D:8: 1097 daAuts
     D:7: 1033 daAuts
     D:4: 1000 daAuts
     D:2: 973 daAuts
  Temple: 140 daAuts
